 Dungeon Crawl Stone Soup version 0.30.0-10-gfe55d96785 (webtiles) character file.

Game seed: 17905325459332339700

182 browni3141 the Digger (level 5, 0/34 (41) HPs)
             Began as a Barachi Earth Elementalist on May 13, 2023.
             Was an Initiate of Cheibriados.
             Slain by a wight
             ... wielding a +0 dagger
              (6 damage)
             ... on level 4 of the Dungeon.
             The game lasted 00:04:38 (3320 turns).

browni3141 the Digger (Barachi Earth Elementalist)  Turns: 3320, Time: 00:04:38

HP:   0/34 (41)     AC: 10    Str: 10    XL:     5   Next: 61%
MP:   5/9           EV: 11    Int: 19    God:    Cheibriados [......]
Gold: 118           SH:  0    Dex: 13    Spells: 5/9 levels left

rFire   . . .        p - +2 trident (venom)
rCold   . . .        (no shield)
rNeg    . . .        L - +0 ring mail
rPois   .            (no helmet)
rElec   .            (no cloak)
rCorr   .            Z - +0 pair of gloves
SInv    .            (no boots)
Will    .....        (no amulet)
Stlth   +            q - +4 ring of protection
HPRegen 0.25/turn    (no ring)
MPRegen 0.11/turn

%: no passive effects
@: unable to hop, heavily drained, very slow
A: amphibious, slowness 1, strong legs 1, +LOS
a: Hop, Renounce Religion


You were on level 4 of the Dungeon.
You worshipped Cheibriados.
Cheibriados was noncommittal.
You visited 1 branch of the dungeon, and saw 4 of its levels.

You collected 168 gold pieces.
You spent 50 gold pieces at shops.

Inventory:

Hand Weapons
 p - a +2 trident of venom (weapon)
 K - a +0 club
Missiles
 J - 9 poisoned darts
Armour
 a - a +0 robe
 L - a +0 ring mail (worn)
 V - a +0 pair of gloves
 Z - a +0 pair of gloves (worn)
Jewellery
 q - a +4 ring of protection (left hand)
 N - a ring of wizardry
 X - an amulet of guardian spirit
Scrolls
 M - 3 scrolls of fear {unknown}
 O - 2 scrolls of identify {unknown}
 P - 3 scrolls of magic mapping {unknown}
 R - a scroll of enchant armour {unknown}
 T - 2 scrolls of teleportation {unknown}
 U - a scroll of silence {unknown}
 Y - a scroll of noise {unknown}
Potions
 m - a potion of magic
 n - a potion of haste {unknown}
 o - a potion of brilliance {unknown}
 r - 2 potions of might {unknown}
 s - a potion of ambrosia {unknown}
 Q - a potion of lignification {unknown}
 S - a potion of curing {unknown}
 W - a potion of cancellation {unknown}


   Skills:
 - Level 3.0 Fighting
 * Level 1.2 Polearms
 - Level 3.0 Armour
 + Level 2.7 Dodging
 + Level 2.4 Stealth
 + Level 2.6 Spellcasting
 - Level 2.0 Transmutations
 - Level 3.0 Earth Magic


You had 5 spell levels left.
You knew the following spells:

 Your Spells              Type           Power      Damage    Failure   Level
a - Sandblast             Erth           26%        2d8       11%         1
b - Stone Arrow           Conj/Erth      16%        3d8       54%         3

Your spell library contained the following spells:

 Spells                   Type           Power      Damage    Failure   Level
 Passwall                 Tmut/Erth      10%        N/A       22%         2
 Petrify                  Tmut/Erth      12%        N/A       80%         4


Dungeon Overview and Level Annotations

Branches:
Dungeon (4/15)
 Temple: D:4-7

Altars:
Cheibriados

Shops:
D:3 *


Innate Abilities, Weirdness & Mutations

You are amphibious.
You cover ground slowly.
You can hop short distances.
You have an extended range of vision and can be seen from far away.


Message History

The blast of sand hits the wight but does no damage.
The wight is lightly damaged.
The wight hits you with a +0 dagger.
You feel drained.
Press: ? - help, v - describe, . - travel
Here: a wight, wielding a +0 dagger and wearing a +0 robe (lightly damaged)
The floor.
You aren't carrying any items that you can evoke.
Unknown command.
Casting: Sandblast (safe; 12% risk of failure)
Confirm with . or Enter, or press ? or * to list all spells.
Okay, then.
The wight hits you but does no damage.
Your magical contamination has completely faded away.
The wight barely misses you. The wight attacks as you move away!
The wight closely misses you.
Hop to where?
Press: ? - help, Dir - move target, p - wight Boing!
The wight hits you but does no damage. The wight attacks as you move away!
The wight barely misses you. The wight attacks as you move away!
The wight closely misses you. The wight attacks as you move away!
The wight closely misses you. The wight barely misses you.
The wight attacks as you move away! The wight closely misses you.
The wight hits you but does no damage. The wight attacks as you move away!
The wight hits you but does no damage. The wight barely misses you.
Press: ? - help, v - describe, . - travel
Here: a wight, wielding a +4 dagger and wearing a +0 robe The floor.
The wight hits you but does no damage. The wight attacks as you move away!
The wight barely misses you. The wight hits you with a +4 dagger!
The wight attacks as you move away! The wight hits you with a +4 dagger.
You feel drained. The wight barely misses you.
Aiming: Sandblast (safe; 12% risk of failure)
Press: ? - help, Q - select action, (/) - cycle Shift-Dir - straight line, f - wight
Aim: a wight, wielding a +4 dagger and wearing a +0 robe (82% to hit)
The blast of sand misses the wight.
The blast of sand hits the wight.
The wight is moderately damaged.
The wight misses you.
Aiming: Sandblast (safe; 12% risk of failure)
Press: ? - help, Q - select action, (/) - cycle Shift-Dir - straight line, f/p - wight
Aim: a wight, wielding a +4 dagger and wearing a +0 robe (82% to hit)
You miscast Sandblast.
You are very lightly contaminated with residual magic.
Nothing appears to happen.
The wight barely misses you.
Aiming: Sandblast (safe; 12% risk of failure)
Press: ? - help, Q - select action, (/) - cycle Shift-Dir - straight line, f/p - wight
Aim: a wight, wielding a +4 dagger and wearing a +0 robe (82% to hit)
You miscast Sandblast.
Nothing appears to happen.
The wight hits you with a +4 dagger.
Aiming: Sandblast (safe; 12% risk of failure)
Press: ? - help, Q - select action, (/) - cycle Shift-Dir - straight line, f/p - wight
Aim: a wight, wielding a +4 dagger and wearing a +0 robe (82% to hit)
The blast of sand hits the wight but does no damage.
The wight hits you with a +4 dagger.
You feel drained. The wight hits you with a +4 dagger.
You feel drained.
Aiming: Sandblast (safe; 12% risk of failure)
Press: ? - help, Q - select action, (/) - cycle Shift-Dir - straight line, f/p - wight
Aim: a wight, wielding a +4 dagger and wearing a +0 robe (82% to hit)
The blast of sand hits the wight!
The wight is heavily damaged.
The wight barely misses you.
Aiming: Sandblast (safe; 12% risk of failure)
Press: ? - help, Q - select action, (/) - cycle Shift-Dir - straight line, f/p - wight
Aim: a wight, wielding a +4 dagger and wearing a +0 robe (heavily damaged, 82% to hit)
The blast of sand hits the wight!
You destroy the wight!
Cheibriados appreciates the change of pace.
The wight hits you with a +0 dagger.
* * * LOW HITPOINT WARNING * * *
Training target 2.0 for Transmutations reached!
Your Polearms skill increases to level 1!
Your Transmutations skill increases to level 2!
Unknown command.
The wight attacks as you move away! The wight barely misses you.
The wight attacks as you move away! The wight barely misses you.
The wight attacks as you move away! The wight hits you but does no damage.
The wight hits you with a +0 dagger.
* * * LOW HITPOINT WARNING * * *
You feel drained.
Your magical contamination has completely faded away.
The wight attacks as you move away! The wight barely misses you.
The wight hits you but does no damage. The wight attacks as you move away!
The wight hits you but does no damage. The wight barely misses you.
The wight attacks as you move away! The wight hits you with a +0 dagger.
* * * LOW HITPOINT WARNING * * *
The wight hits you but does no damage. The wight attacks as you move away!
The wight hits you but does no damage. The wight hits you but does no damage.
The wight attacks as you move away! The wight hits you with a +0 dagger.
* * * LOW HITPOINT WARNING * * *
You feel drained.
* * * LOW HITPOINT WARNING * * *
The wight hits you with a +0 dagger.
You die...

#.##.....#########
..................
#############.#########
#...........#.#z.z....z
#.####.####.#.#.####.## ..
#.#.z..#.#.z..#.#. #.
#z#.####.####.#.#. ...
#z#...).......#.#.
#.#############@#############.##
....................... ...
.###.##.#..#.#...##.#..## ##.
...................... .
.###....................
..........###############
###..##.### .....#### ###.##
♣♣♣♣♣♣♣♣♣♣♣


You could see 2 wights.

Vanquished Creatures
  A wight (D:4)
  6 adders
  An ufetubus (D:4)
  2 dart slugs
  An orc (D:3)
  7 endoplasms
  4 giant cockroaches
  4 goblins
  7 hobgoblins
  3 jackals (D:2)
  A quokka (D:2)
  3 ball pythons
  7 bats (D:1)
  8 frilled lizards
  8 kobolds
  8 rats
71 creatures vanquished.

Notes
Turn   | Place    | Note
-------+----------+-------------------------------------------
     0 | D:1      | browni3141 the Barachi Earth Elementalist began the quest
                  | for the Orb.
     0 | D:1      | Reached XP level 1. HP: 13/13 MP: 3/3
   162 | D:1      | Reached XP level 2. HP: 22/22 MP: 3/5
   544 | D:1      | Reached skill level 3 in Fighting
   593 | D:1      | Reached XP level 3. HP: 29/29 MP: 2/6
   597 | D:1      | Learned a level 3 spell: Stone Arrow
  1749 | D:2      | Reached skill level 3 in Armour
  1749 | D:2      | Reached XP level 4. HP: 32/35 MP: 1/7
  1955 | D:3      | Found a snail-covered altar of Cheibriados.
  2079 | D:3      | Found Raulauc's Assorted Antiques.
  2103 | D:3      | Became a worshipper of Cheibriados the Contemplative
  2217 | D:3      | Bought a scroll labelled UGU MEIQOOCK for 25 gold pieces
  2217 | D:3      | Bought a scroll labelled GYCHAOPESCH for 25 gold pieces
  3044 | D:4      | Reached XP level 5. HP: 34/41 MP: 8/8
  3320 | D:4      | Slain by a wight

Illustrated notes

Levels and vault maps discovered:
D:1:      lightli_arrival_flooded_house, layout_loops_ring, minmay_tetromino_s2
D:2:      layout_basic
D:3:      layout_basic, cheibriados_altar_1, serial_forest,
          infiniplex_forest_lined_ring, infiniplex_forest_straight_4,
          infiniplex_forest_pool, infiniplex_forest_lined_2,
          infiniplex_forest_straight_3, infiniplex_forest_fountain,
          infiniplex_forest_straight_2, infiniplex_forest_straight_3,
          infiniplex_forest_clump_medium, serial_shops,
          nicolae_shop_getting_attention, kennysheep_decorative_pillar,
          mrwooster_statue_mirror
D:4:      kb_forest_paths, layout_basic, mainiacjoe_overflow_alcove_4,
          trog_wizard, chequers_serial_rivers_micro_e, minivault_5,
          chequers_serial_rivers_room_a, grunt_ministairs_14, roderic_lattice_a

Skill      XL: |  1  2  3  4  5 |
---------------+----------------+-----
Fighting       | 1 3 |  3.0
Armour         | 3 |  3.0
Stealth        | 2 |  2.4
Polearms       | 1 |  1.2
Transmutations | 2 |  2.0
Dodging        | |  2.7
Spellcasting   | |  2.6
Earth Magic    | |  3.0

Action                     |  1- 3 |  4- 6 || total
---------------------------+-------+-------++-------
  Melee: Unarmed           |    29 |       ||    29
         Club              |    25 |     7 ||    32
         Trident           |       |    17 ||    17
   Cast: Sandblast         |    66 |    33 ||    99
Ability: Hop               |     1 |     2 ||     3
 Armour: Robe              |     9 |       ||     9
         Ring mail         |    19 |    30 ||    49
  Dodge: Dodged            |    54 |    37 ||    91
